[Event "71st RUS-ch Higher League 2018"]
[Site "Yaroslavl"]
[Date "2018.07.02"]
[Round "6"]
[White "Kokarev, Dmitry"]
[Black "Dreev, Aleksey"]
[Result "1/2-1/2"]
[ECO "C60"]
[WhiteElo "2603"]
[BlackElo "2657"]
[Annotator "ChessBase"]
[PlyCount "94"]
[EventDate "2018.06.26"]
[EventType "swiss"]
[EventCountry "RUS"]
[SourceTitle "playchess.com"]
[Source "ChessBase"]
[SourceQuality "1"]
[TimeControl "40/5400+30:1800+30"]

1. e4 e5 2. Nf3 Nc6 3. Bb5 g6 4. d4 exd4 5. Bg5 Be7 6. Bxe7 Qxe7 7. Bxc6 dxc6 8. Qxd4 Nf6 9. O-O c5 10. Qe3 Bg4 11. Nc3 O-O-O 12. Nd2 Be6 13. f3 Nd7 14. f4 f6 15. Nf3 Rhe8 16. Rad1 Nb6 17. h3 Bd7 18. b3 Bc6 19. Rxd8+ Rxd8 20. Re1 Nd7 21. Nd5 Bxd5 22. exd5 Qxe3+ 23. Rxe3 b5 24. Re7 Nb6 25. Rxh7 Nxd5 26. f5 g5 27. Rf7 Rd6 28. Nh2 Ne3 29. Ng4 Nxg4 30. hxg4 b4 31. Kf1 c4 32. bxc4 Rc6 33. Ke2 Rxc4 34. Kd2 Rc6 35. Kc1 Kd8 36. Rh7 Ke8 37. Kb2 Rc4 38. Kb3 Rc3+ 39. Kxb4 Rxc2 40. g3 Rxa2 41. Rxc7 Rb2+ 42. Kc3 Rg2 43. Kd4 Rxg3 44. Kd5 Ra3 45. Ke6 Ra6+ 46. Kd5 Kd8 47. Rf7 Ke8 1/2-1/2

[Event "71st RUS-ch Higher League 2018"]
[Site "Yaroslavl"]
[Date "2018.07.02"]
[Round "6"]
[White "Esipenko, Andrey"]
[Black "Bykov, Oleg"]
[Result "1-0"]
[ECO "A46"]
[WhiteElo "2599"]
[BlackElo "2375"]
[Annotator "ChessBase"]
[PlyCount "165"]
[EventDate "2018.06.26"]
[EventType "swiss"]
[EventCountry "RUS"]
[SourceTitle "playchess.com"]
[Source "ChessBase"]
[SourceQuality "1"]
[TimeControl "40/5400+30:1800+30"]

1. d4 Nf6 2. Nf3 d5 3. c4 e6 4. g3 Bb4+ 5. Bd2 Bd6 6. Nc3 O-O 7. Bg5 c6 8. Bg2 dxc4 9. Nd2 h6 10. Bxf6 Qxf6 11. Nxc4 Bc7 12. e3 e5 13. d5 b5 14. Nd2 b4 15. Nb5 Bb6 16. dxc6 Nxc6 17. Ne4 Qe7 18. Ned6 Bd7 19. O-O Rad8 20. Nb7 Rb8 21. N5d6 Nd8 22. Nxd8 Rfxd8 23. Nc4 Bb5 24. Qc2 Bxc4 25. Qxc4 Rd2 26. Qb3 g6 27. Rac1 Kg7 28. Rc4 Bc7 29. Rd1 Rxd1+ 30. Qxd1 Rd8 31. Qc2 Bd6 32. h4 h5 33. Bf3 Rd7 34. Bc6 Rd8 35. Qe4 Rc8 36. Qd5 Rd8 37. Qa5 Rc8 38. Rc2 Rd8 39. Bd5 Rb8 40. Rc6 Rd8 41. Be4 Rb8 42. Kg2 Rd8 43. Bd5 Kf8 44. a4 bxa3 45. bxa3 Kg7 46. a4 Bb4 47. Qb5 a5 48. Qc4 Bd6 49. Rb6 Rd7 50. Be4 Bb4 51. Qb5 Rc7 52. Rb8 Bc3 53. Qa6 Kh7 54. Ra8 Bb4 55. Qe2 Kh6 56. Qa6 Kh7 57. Qe2 Kh6 58. Bd5 Qf6 59. e4 Kh7 60. Re8 Bc5 61. Ra8 Bb4 62. Ra6 Qe7 63. Rb6 Bc3 64. Ra6 Bb4 65. Ra8 Qf6 66. Ra6 Qe7 67. Rb6 Bc3 68. Rb3 Kg7 69. Qa6 Qf6 70. Qa8 Kh7 71. Qe8 Kg7 72. Rb8 Kh6 73. Rb6 Qg7 74. Qd8 Ra7 75. Qb8 Re7 76. Ra6 Kh7 77. Qd8 Bb4 78. Rxa5 Qf6 79. Ra8 Bc5 80. f3 Bb6 81. Qg8+ Kh6 82. Ra6 Ra7 83. Rxb6 1-0

[Event "71st RUS-ch Higher League 2018"]
[Site "Yaroslavl"]
[Date "2018.07.02"]
[Round "6"]
[White "Timofeev, Artyom"]
[Black "Rakhmanov, Aleksandr"]
[Result "1/2-1/2"]
[ECO "E21"]
[WhiteElo "2583"]
[BlackElo "2627"]
[Annotator "ChessBase"]
[PlyCount "38"]
[EventDate "2018.06.26"]
[EventType "swiss"]
[EventCountry "RUS"]
[SourceTitle "playchess.com"]
[Source "ChessBase"]
[SourceQuality "1"]
[TimeControl "40/5400+30:1800+30"]

1. d4 Nf6 2. Nf3 e6 3. c4 b6 4. Nc3 Bb7 5. e3 Ne4 6. Bd3 Nxc3 7. bxc3 d6 8. Qc2 h6 9. Be4 Qc8 10. Bxb7 Qxb7 11. e4 Nd7 12. Be3 Be7 13. O-O O-O 14. a4 e5 15. h3 Nf6 16. Nd2 Nh7 17. Nf3 Nf6 18. Nd2 Nh7 19. Nf3 Nf6 1/2-1/2

[Event "71st RUS-ch Higher League 2018"]
[Site "Yaroslavl"]
[Date "2018.07.02"]
[Round "6"]
[White "Sakaev, Konstantin"]
[Black "Sychev, Klementy"]
[Result "1/2-1/2"]
[ECO "A05"]
[WhiteElo "2580"]
[BlackElo "2527"]
[Annotator "RC"]
[PlyCount "81"]
[EventDate "2018.06.26"]
[EventType "swiss"]
[EventCountry "RUS"]
[SourceTitle "playchess.com"]
[Source "ChessBase"]
[SourceQuality "1"]
[TimeControl "40/5400+30:1800+30"]

1. Nf3 Nf6 2. c4 g6 3. Nc3 d5 4. cxd5 Nxd5 5. h4 Bg7 6. e4 Nxc3 7. dxc3 Qxd1+ 8. Kxd1 Nd7 9. Nd4 c6 10. h5 Nb6 11. a4 e5 12. Nb3 f5 13. a5 Nd7 14. h6 Bf8 15. exf5 gxf5 16. Bc4 Bd6 17. Bg5 Be7 18. Bxe7 Kxe7 19. Kc2 e4 20. f4 Nf6 21. Rh3 Bd7 22. Nc5 b5 23. axb6 axb6 24. Rxa8 Rxa8 25. Nxd7 Kxd7 26. Rg3 Ng4 27. Be2 Rg8 28. Bxg4 fxg4 29. Re3 Rg6 30. Rxe4 Rxh6 31. f5 Rf6 32. Rxg4 Rxf5 33. Rg7+ Kd6 34. Rxh7 Rf2+ 35. Kb3 Rxg2 36. Rh6+ Kc7 37. Rh7+ Kd6 38. Rh6+ Kc7 39. Rh7+ Kd6 40. Rh6+ Kc7 41. Rh7+ 1/2-1/2

[Event "71st RUS-ch Higher League 2018"]
[Site "Yaroslavl"]
[Date "2018.07.02"]
[Round "6"]
[White "Lomasov, Semen"]
[Black "Sviridov, Valery"]
[Result "0-1"]
[ECO "B06"]
[WhiteElo "2549"]
[BlackElo "2513"]
[Annotator "RC"]
[PlyCount "72"]
[EventDate "2018.06.26"]
[EventType "swiss"]
[EventCountry "RUS"]
[SourceTitle "playchess.com"]
[Source "ChessBase"]
[SourceQuality "1"]
[TimeControl "40/5400+30:1800+30"]

1. e4 g6 2. d4 Bg7 3. Nc3 d6 4. Be3 a6 5. Nf3 b5 6. Bd3 Nd7 7. e5 Bb7 8. e6 fxe6 9. Ng5 Nf8 10. O-O Nh6 11. a4 b4 12. Nce4 Nf5 13. c3 bxc3 14. bxc3 h6 15. Nf3 Nd7 16. g4 Nxe3 17. fxe3 O-O 18. g5 Rb8 19. Ra2 Qe8 20. Rg2 h5 21. Qc2 Nb6 22. Ned2 Qxa4 23. Qc1 Nd5 24. Re2 Qc6 25. Bxg6 Nxc3 26. Ref2 e5 27. dxe5 Bxe5 28. Qc2 Bg7 29. Bh7+ Kh8 30. Qg6 Qe8 31. Qd3 Qd7 32. h3 Qxh3 33. Rh2 Qg4+ 34. Rg2 Qe6 35. Rff2 Nd1 36. Nh4 Rxf2 0-1

[Event "71st RUS-ch Higher League 2018"]
[Site "Yaroslavl"]
[Date "2018.07.02"]
[Round "6"]
[White "Ovetchkin, Roman"]
[Black "Lysyj, Igor"]
[Result "0-1"]
[ECO "A40"]
[WhiteElo "2546"]
[BlackElo "2630"]
[Annotator "ChessBase"]
[PlyCount "74"]
[EventDate "2018.06.26"]
[EventType "swiss"]
[EventCountry "RUS"]
[SourceTitle "playchess.com"]
[Source "ChessBase"]
[SourceQuality "1"]
[TimeControl "40/5400+30:1800+30"]

1. d4 e6 2. c4 b6 3. a3 Bb7 4. Nc3 Nf6 5. d5 Bd6 6. Nf3 O-O 7. g3 c6 8. Bg5 cxd5 9. cxd5 exd5 10. Bg2 Na6 11. O-O Nc7 12. Nd4 h6 13. Ndb5 Nxb5 14. Nxb5 Be5 15. Bf4 d6 16. Qb3 Re8 17. Be3 Ng4 18. Bd2 a6 19. Nc3 Nf6 20. Rad1 Rc8 21. Be3 Bxc3 22. Bxb6 Qd7 23. bxc3 Bc6 24. Qa2 Bb5 25. Rd2 Ne4 26. Bxe4 dxe4 27. Rfd1 Bc4 28. Qc2 d5 29. Bd4 Qh3 30. Rb1 Re6 31. Qd1 h5 32. Rdb2 h4 33. Rb6 e3 34. Rxe6 exf2+ 35. Bxf2 Qxe6 36. gxh4 Bxe2 37. Qd2 Qg6+ 0-1

[Event "71st RUS-ch Higher League 2018"]
[Site "Yaroslavl"]
[Date "2018.07.02"]
[Round "6"]
[White "Triapishko, Alexandr"]
[Black "Turov, Maxim"]
[Result "0-1"]
[ECO "B18"]
[WhiteElo "2513"]
[BlackElo "2600"]
[Annotator "RC"]
[PlyCount "90"]
[EventDate "2018.06.26"]
[EventType "swiss"]
[EventCountry "RUS"]
[SourceTitle "playchess.com"]
[Source "ChessBase"]
[SourceQuality "1"]
[TimeControl "40/5400+30:1800+30"]

1. e4 c6 2. d4 d5 3. Nc3 dxe4 4. Nxe4 Bf5 5. Nc5 Nd7 6. Bd3 Bxd3 7. Nxd3 Ngf6 8. Nf3 e6 9. O-O Be7 10. c4 O-O 11. Qe2 Re8 12. b3 a5 13. a4 Qb6 14. Qc2 c5 15. Bb2 cxd4 16. Nxd4 Nc5 17. Rad1 Rad8 18. Nb5 Nxd3 19. Rxd3 Rxd3 20. Qxd3 Rd8 21. Qg3 Rd7 22. Be5 Ne8 23. h3 h6 24. Bf4 Kh7 25. Qf3 Bc5 26. Be5 Qd8 27. Nc3 Nf6 28. Ne4 Nxe4 29. Qxe4+ f5 30. Qf3 b6 31. Qh5 Rd2 32. Qf7 Qd7 33. Qxd7 Rxd7 34. Bc3 Rd3 35. Rc1 f4 36. Rc2 Rd1+ 37. Kh2 g5 38. g4 Rd3 39. Be5 h5 40. gxh5 Kh6 41. h4 Kxh5 42. hxg5 Kxg5 43. Kg2 Kf5 44. Bh8 e5 45. f3 Rd8 0-1

[Event "71st RUS-ch Higher League 2018"]
[Site "Yaroslavl"]
[Date "2018.07.02"]
[Round "6"]
[White "Goryachkina, Aleksandra"]
[Black "Sjugirov, Sanan"]
[Result "1/2-1/2"]
[ECO "D85"]
[WhiteElo "2505"]
[BlackElo "2663"]
[Annotator "ChessBase"]
[PlyCount "29"]
[EventDate "2018.06.26"]
[EventType "swiss"]
[EventCountry "RUS"]
[SourceTitle "playchess.com"]
[Source "ChessBase"]
[SourceQuality "1"]
[TimeControl "40/5400+30:1800+30"]

1. d4 Nf6 2. c4 g6 3. Nc3 d5 4. cxd5 Nxd5 5. Bd2 Bg7 6. e4 Nxc3 7. Bxc3 O-O 8. Qd2 c5 9. d5 Bxc3 10. bxc3 Qd6 11. Nf3 Bg4 12. Ng1 Bc8 13. Nf3 Bg4 14. Ng1 Bc8 15. Nf3 1/2-1/2

[Event "71st RUS-ch Higher League 2018"]
[Site "Yaroslavl"]
[Date "2018.07.02"]
[Round "6"]
[White "Usmanov, Vasily"]
[Black "Volkov, Sergey"]
[Result "1/2-1/2"]
[ECO "D70"]
[WhiteElo "2477"]
[BlackElo "2580"]
[Annotator "ChessBase"]
[PlyCount "225"]
[EventDate "2018.06.26"]
[EventType "swiss"]
[EventCountry "RUS"]
[SourceTitle "playchess.com"]
[Source "ChessBase"]
[SourceQuality "1"]
[TimeControl "40/5400+30:1800+30"]

1. d4 d5 2. c4 c6 3. Nf3 Nf6 4. Nbd2 Bf5 5. Nh4 Be4 6. e3 e6 7. Be2 Nbd7 8. O-O Bd6 9. g3 g5 10. Nhf3 g4 11. Nh4 h5 12. b3 Bh7 13. Bb2 Qe7 14. f4 gxf3 15. Bxf3 O-O-O 16. Qe2 e5 17. cxd5 cxd5 18. e4 Kb8 19. exd5 e4 20. Bg2 Ng4 21. Nf5 Bxf5 22. Rxf5 Nh6 23. Rxh5 f5 24. Nc4 Nf6 25. Rxh6 Rxh6 26. Bc1 Rh7 27. Nxd6 Rxd6 28. Ba3 Qd8 29. Bxd6+ Qxd6 30. Qf2 Rh5 31. Rc1 Nxd5 32. Qc2 Rh8 33. Qc5 Qh6 34. h3 Rd8 35. Kh2 a6 36. Re1 Qd2 37. Qc1 Qxa2 38. Qg5 Qa5 39. b4 Nxb4 40. Rxe4 Nc6 41. Rf4 Nxd4 42. Qf6 Nc6 43. Rxf5 Qc7 44. h4 Rd6 45. Qh8+ Ka7 46. Rf8 Nd8 47. Qe5 Qb6 48. Re8 a5 49. Qe1 Nc6 50. h5 a4 51. g4 Qc5 52. Qe3 Qxe3 53. Rxe3 Nd4 54. g5 Rd8 55. h6 Rh8 56. Bh3 b5 57. Kg2 Kb6 58. Rg3 Nc6 59. Bf5 Ne7 60. Bb1 b4 61. h7 a3 62. g6 Kc5 63. Rg5+ Kb6 64. Ba2 Kc7 65. Bf7 a2 66. Ra5 b3 67. Bxb3 Nxg6 68. Rxa2 Nf8 69. Bg8 Nxh7 70. Bxh7 Kd6 71. Bf5 Ke5 72. Bg4 Rg8 73. Kf3 Rf8+ 74. Ke3 Rf1 75. Ra5+ Kd6 76. Bf5 Re1+ 77. Kd4 Rd1+ 78. Bd3 Rd2 79. Ra6+ Kd7 80. Kc4 Ke7 81. Be4 Rd6 82. Ra1 Rd2 83. Kc5 Ke6 84. Re1 Kf6 85. Re3 Rd1 86. Bd3 Ra1 87. Kd4 Rd1 88. Kd5 Rd2 89. Rf3+ Ke7 90. Ke5 Rd1 91. Rh3 Re1+ 92. Be4 Re2 93. Rh7+ Ke8 94. Kf5 Kd8 95. Ke5 Ke8 96. Kd5 Kf8 97. Bf5 Re7 98. Rh3 Re1 99. Be6 Ke7 100. Rh7+ Kf6 101. Rf7+ Kg5 102. Bf5 Ra1 103. Be4 Ra5+ 104. Kd4 Ra4+ 105. Ke5 Ra5+ 106. Bd5 Rb5 107. Rg7+ Kh5 108. Rg1 Ra5 109. Ke4 Kh6 110. Be6 Rg5 111. Rh1+ Rh5 112. Bh3 Kg7 113. Bg2 1/2-1/2

[Event "71st RUS-ch Higher League 2018"]
[Site "Yaroslavl"]
[Date "2018.07.02"]
[Round "6"]
[White "Sek, Konstantin"]
[Black "Rodin, Dmitrij"]
[Result "1/2-1/2"]
[ECO "B43"]
[WhiteElo "2476"]
[BlackElo "2402"]
[Annotator "ChessBase"]
[PlyCount "82"]
[EventDate "2018.06.26"]
[EventType "swiss"]
[EventCountry "RUS"]
[SourceTitle "playchess.com"]
[Source "ChessBase"]
[SourceQuality "1"]
[TimeControl "40/5400+30:1800+30"]

1. e4 c5 2. Nf3 e6 3. d4 cxd4 4. Nxd4 a6 5. Nc3 Qc7 6. Bd3 Nf6 7. Qe2 d6 8. f4 Nbd7 9. Bd2 Be7 10. g4 Nc5 11. g5 Nfd7 12. O-O g6 13. f5 Ne5 14. fxe6 fxe6 15. Nf3 O-O 16. Nxe5 dxe5 17. Rxf8+ Bxf8 18. Rf1 Nxd3 19. Qxd3 Bd7 20. Be3 Be8 21. Qe2 Be7 22. Qg4 Bd7 23. Rd1 Rf8 24. Rd3 b5 25. Nd1 b4 26. Nf2 Bc8 27. Rd2 a5 28. Qe2 Qc6 29. h3 a4 30. Qg4 a3 31. bxa3 bxa3 32. Qg3 Qc3 33. Ng4 Bxg5 34. Rd3 Bxe3+ 35. Rxe3 Qxc2 36. Qxe5 Qd1+ 37. Kg2 Qd2+ 38. Kg3 h5 39. Qg5 hxg4 40. Qxg6+ Kh8 41. Qh6+ Kg8 1/2-1/2

[Event "71st RUS-ch Higher League 2018"]
[Site "Yaroslavl"]
[Date "2018.07.02"]
[Round "6"]
[White "Fakhrutdinov, Timur"]
[Black "Moiseenko, Vadim"]
[Result "1-0"]
[ECO "C58"]
[WhiteElo "2460"]
[BlackElo "2517"]
[Annotator "ChessBase"]
[PlyCount "177"]
[EventDate "2018.06.26"]
[EventType "swiss"]
[EventCountry "RUS"]
[SourceTitle "playchess.com"]
[Source "ChessBase"]
[SourceQuality "1"]
[TimeControl "40/5400+30:1800+30"]

1. e4 e5 2. Nf3 Nc6 3. Bc4 Nf6 4. Ng5 d5 5. exd5 Na5 6. Bb5+ c6 7. dxc6 bxc6 8. Bd3 Ng4 9. Ne4 f5 10. Be2 h5 11. h3 fxe4 12. hxg4 Bc5 13. b4 Bxb4 14. c3 Bc5 15. Ba3 Qb6 16. Bxc5 Qxc5 17. gxh5 O-O 18. O-O Bf5 19. Qa4 Rab8 20. Na3 Rb2 21. Nc4 Nxc4 22. Qxc4+ Qxc4 23. Bxc4+ Kh7 24. f3 Rd8 25. fxe4 Bxe4 26. Rfe1 Bd5 27. Bf1 Bxa2 28. d3 Rd5 29. Re2 Rxe2 30. Bxe2 Ra5 31. d4 exd4 32. cxd4 Ra4 33. Bd1 Ra3 34. Bc2+ Kh6 35. Bb1 Bxb1 36. Rxa3 Kxh5 37. Rxa7 g6 38. Kf2 Be4 39. Kg3 g5 40. Re7 Bd5 41. Re5 Bb3 42. Kh3 Bd5 43. g4+ Kg6 44. Kg3 Kf6 45. Rf5+ Kg6 46. Rf8 Kg7 47. Rd8 Kf7 48. Rd6 Be4 49. Kf2 Ke7 50. Rh6 Kf7 51. Ke3 Bd5 52. Rd6 Bg2 53. Ke2 Be4 54. Rh6 Bd5 55. Ke3 Bg2 56. Rh2 Bd5 57. Kd3 Kg7 58. Rb2 Bf3 59. Ke3 Bd5 60. Rc2 Kg6 61. Rc5 Bg2 62. Re5 Kf6 63. Rf5+ Kg6 64. Rf8 Bd5 65. Rd8 Bg2 66. Rd7 Kf6 67. Rd6+ Kf7 68. Rh6 Kg7 69. Rh2 Bd5 70. Rf2 Kg6 71. Kd3 Be6 72. Rg2 Bd5 73. Rg1 Kf6 74. Rf1+ Kg6 75. Kc3 Bg2 76. Rg1 Bf3 77. Kb4 Kg7 78. Kc5 Kg6 79. Kd6 Bd5 80. Ke5 Bf3 81. Rg3 Bd5 82. Rc3 Bg2 83. Kd6 Kf6 84. Rxc6 Bf3 85. Kc7+ Kf7 86. Rc1 Ke6 87. Rc5 Bxg4 88. Rxg5 Bf3 89. Re5+ {[%emt 0:00:11] Kd5} 1-0

[Event "71st RUS-ch Higher League 2018"]
[Site "Yaroslavl"]
[Date "2018.07.02"]
[Round "6"]
[White "Bimiev, Ahmad"]
[Black "Iskusnyh, Sergei"]
[Result "0-1"]
[ECO "A36"]
[WhiteElo "2125"]
[BlackElo "2473"]
[Annotator "ChessBase"]
[PlyCount "126"]
[EventDate "2018.06.26"]
[EventType "swiss"]
[EventCountry "RUS"]
[SourceTitle "playchess.com"]
[Source "ChessBase"]
[SourceQuality "1"]
[TimeControl "40/5400+30:1800+30"]

1. c4 g6 2. Nc3 c5 3. g3 Bg7 4. Bg2 Nc6 5. e4 d6 6. Nge2 e6 7. O-O Nge7 8. d3 O-O 9. a3 b6 10. Rb1 Bb7 11. b4 Qd7 12. Qb3 Rad8 13. Bb2 Ba8 14. Rfd1 f5 15. b5 Nd4 16. Nxd4 Bxd4 17. Ne2 e5 18. Nxd4 exd4 19. f3 g5 20. Bc1 f4 21. Kf2 Ng6 22. Rg1 Qe6 23. Qd1 Kh8 24. Rb2 g4 25. gxf4 Nxf4 26. Bxf4 Rxf4 27. Ke1 Qh6 28. Bh1 gxf3 29. Bxf3 Rdf8 30. Rg3 Bb7 31. Rf2 Bc8 32. Qe2 Qh4 33. Kf1 Qf6 34. Kg1 h5 35. e5 Qxe5 36. Rfg2 Bg4 37. Qd2 Qe3+ 38. Qxe3 dxe3 39. Be2 Bxe2 40. Rxe2 Rf1+ 41. Kg2 R1f2+ 42. Rxf2 Rxf2+ 43. Kg1 Ra2 44. Rxe3 Rxa3 45. Kg2 Kg7 46. Kg3 Ra4 47. Kh4 d5 48. Kg5 Kf7 49. h4 dxc4 50. Re4 a6 51. bxa6 Rxa6 52. dxc4 Ra4 53. Rf4+ Ke7 54. Re4+ Kd6 55. Kf5 Rb4 56. Re6+ Kc7 57. Re4 b5 58. cxb5 Rxe4 59. Kxe4 Kb6 60. Kd3 Kxb5 61. Kc3 Kc6 62. Kc4 Kd6 63. Kc3 Ke5 {[%emt 0:01:27] Kd4+} 0-1

[Event "71st RUS-ch Higher League 2018"]
[Site "Yaroslavl"]
[Date "2018.07.03"]
[Round "7"]
[White "Sjugirov, Sanan"]
[Black "Alekseev, Evgeny"]
[Result "1-0"]
[ECO "C11"]
[WhiteElo "2663"]
[BlackElo "2627"]
[Annotator "ChessBase"]
[PlyCount "67"]
[EventDate "2018.06.26"]
[EventType "swiss"]
[EventCountry "RUS"]
[SourceTitle "playchess.com"]
[Source "ChessBase"]
[SourceQuality "1"]
[TimeControl "40/5400+30:1800+30"]

1. e4 e6 2. d4 d5 3. Nc3 Nf6 4. e5 Nfd7 5. f4 c5 6. Nf3 Nc6 7. Be3 Be7 8. Qd2 b6 9. Bb5 Bb7 10. f5 a6 11. Bxc6 Bxc6 12. fxe6 fxe6 13. Ne2 Qc7 14. Bg5 Nf8 15. O-O h6 16. Bxe7 Qxe7 17. dxc5 bxc5 18. b4 cxb4 19. Nfd4 Bd7 20. Qd3 Qc5 21. Kh1 Bb5 22. Nxb5 Qxb5 23. Qf3 O-O-O 24. c3 Nd7 25. Nd4 Qb6 26. Qe3 Nb8 27. cxb4 Kb7 28. Qd3 Rc8 29. b5 Ka8 30. bxa6 Rc4 31. Rfd1 Rhc8 32. Rab1 Qxa6 33. h3 Nd7 34. Nxe6 1-0

[Event "71st RUS-ch Higher League 2018"]
[Site "Yaroslavl"]
[Date "2018.07.03"]
[Round "7"]
[White "Dreev, Aleksey"]
[Black "Gaifullin, Artur"]
[Result "1-0"]
[ECO "D39"]
[WhiteElo "2657"]
[BlackElo "2448"]
[Annotator "ChessBase"]
[PlyCount "113"]
[EventDate "2018.06.26"]
[EventType "swiss"]
[EventCountry "RUS"]
[SourceTitle "playchess.com"]
[Source "ChessBase"]
[SourceQuality "1"]
[TimeControl "40/5400+30:1800+30"]

1. d4 Nf6 2. Nf3 e6 3. c4 d5 4. Nc3 Bb4 5. Bg5 dxc4 6. Qa4+ Nc6 7. e3 Bd7 8. Qc2 b5 9. Be2 Rb8 10. O-O h6 11. Bh4 Be7 12. Bxf6 Bxf6 13. Ne4 Be7 14. b3 Nb4 15. Qb1 Bc6 16. bxc4 bxc4 17. Bxc4 O-O 18. a3 Nd5 19. Qc2 Ba8 20. Rfc1 Bd6 21. Be2 Qe7 22. Nc5 Rb6 23. h3 Rfb8 24. a4 Rb2 25. Qd1 e5 26. Nd3 e4 27. Nxb2 exf3 28. Bxf3 Rxb2 29. Qd3 Qh4 30. Rf1 Nf4 31. Qf5 Bxf3 32. Qc8+ Bf8 33. exf4 Be2 34. Rab1 Rxb1 35. Rxb1 Qxf4 36. Rb8 Qd6 37. Qe8 Bc4 38. Rd8 Qb4 39. d5 Kh7 40. Qe4+ Kg8 41. d6 cxd6 42. Qe7 Kh7 43. Rxf8 Bd5 44. Qe3 a5 45. Qd3+ Be4 46. Qb5 Qe1+ 47. Qf1 Qc3 48. Rxf7 d5 49. Qd1 d4 50. Rf4 Bd3 51. Rf3 Bc2 52. Rxc3 Bxd1 53. Rc4 d3 54. Rd4 Bc2 55. Kf1 d2 56. Rxd2 Bxa4 57. Rd5 1-0

[Event "71st RUS-ch Higher League 2018"]
[Site "Yaroslavl"]
[Date "2018.07.03"]
[Round "7"]
[White "Paravyan, David"]
[Black "Timofeev, Artyom"]
[Result "1/2-1/2"]
[ECO "D27"]
[WhiteElo "2634"]
[BlackElo "2583"]
[Annotator "ChessBase"]
[PlyCount "166"]
[EventDate "2018.06.26"]
[EventType "swiss"]
[EventCountry "RUS"]
[SourceTitle "playchess.com"]
[Source "ChessBase"]
[SourceQuality "1"]
[TimeControl "40/5400+30:1800+30"]

1. d4 d5 2. c4 dxc4 3. Nf3 Nf6 4. e3 e6 5. Bxc4 c5 6. O-O a6 7. b3 cxd4 8. Nxd4 Bd6 9. Bb2 O-O 10. Nc3 Qe7 11. Bd3 Bd7 12. Qf3 Nc6 13. Ne4 Nxe4 14. Bxe4 Rac8 15. Rfc1 Nxd4 16. Bxd4 Rxc1+ 17. Rxc1 b5 18. g3 e5 19. Bb6 g6 20. Rd1 h5 21. Qe2 Rb8 22. Ba5 Bg4 23. f3 Be6 24. Qd3 Bc5 25. Kf2 Bb6 26. Bxb6 Rxb6 27. Bxg6 fxg6 28. Qxg6+ Kf8 29. Qh6+ Kg8 30. Qg6+ Kf8 31. Qh6+ Kg8 32. Qxh5 Bf7 33. Qg4+ Rg6 34. Qc8+ Kg7 35. Rd7 Qe6 36. g4 e4 37. Qc3+ Kh7 38. Qc7 Kg7 39. Qc3+ Qf6 40. Qxf6+ Kxf6 41. h4 exf3 42. g5+ Ke6 43. Ra7 Rg8 44. Kxf3 Bh5+ 45. Ke4 Bg6+ 46. Kf4 Rf8+ 47. Kg4 Rf1 48. Rxa6+ Kf7 49. a4 Rg1+ 50. Kf4 Rh1 51. Ke5 Rxh4 52. Ra7+ Ke8 53. a5 Rh3 54. a6 Rxe3+ 55. Kf6 Bc2 56. Rb7 Rf3+ 57. Ke5 Rxb3 58. a7 Ra3 59. Rb8+ Kf7 60. a8=Q Rxa8 61. Rxa8 b4 62. Ra6 b3 63. Rb6 Kg7 64. Kf4 Kf7 65. Kg4 Kg7 66. Kh4 Kh7 67. Kg3 Kg7 68. Kg4 Bd1+ 69. Kf4 Bc2 70. Ke3 Kf7 71. Kd2 Kg7 72. Rf6 Kh7 73. Kc3 Kg7 74. Rb6 Kf7 75. Kc4 Kg7 76. Kd4 Kf7 77. Kd5 Kg7 78. Ke5 Kf7 79. Kf4 Kg7 80. Kg4 Bd1+ 81. Kh4 Bc2 82. g6 Bxg6 83. Rxb3 Kf6 1/2-1/2

[Event "71st RUS-ch Higher League 2018"]
[Site "Yaroslavl"]
[Date "2018.07.03"]
[Round "7"]
[White "Lysyj, Igor"]
[Black "Pridorozhni, Aleksei"]
[Result "1-0"]
[ECO "D30"]
[WhiteElo "2630"]
[BlackElo "2589"]
[Annotator "ChessBase"]
[PlyCount "111"]
[EventDate "2018.06.26"]
[EventType "swiss"]
[EventCountry "RUS"]
[SourceTitle "playchess.com"]
[Source "ChessBase"]
[SourceQuality "1"]
[TimeControl "40/5400+30:1800+30"]

1. d4 d5 2. c4 e6 3. Nf3 a6 4. Bg5 Be7 5. Bxe7 Qxe7 6. Nbd2 Nf6 7. Rc1 O-O 8. e3 Rd8 9. Qc2 Nc6 10. cxd5 exd5 11. a3 Bg4 12. Bd3 Bxf3 13. Nxf3 Rd6 14. O-O Re8 15. b4 g6 16. Nd2 Rc8 17. Nb3 Nd8 18. a4 Ne6 19. b5 axb5 20. axb5 Ra8 21. Ra1 Rxa1 22. Rxa1 b6 23. Nd2 Ng5 24. Nf1 Kg7 25. Rc1 Ne6 26. Ng3 Rd8 27. Ra1 Qe8 28. Ra6 Qf8 29. Ne2 Qd6 30. h3 h5 31. Ra1 Re8 32. Nc3 Rd8 33. Ne2 Re8 34. Nc3 Rd8 35. Bf1 Re8 36. Be2 Rd8 37. Bf1 Re8 38. Qb1 Rd8 39. Be2 Re8 40. Bf1 Rd8 41. Qb3 Re8 42. Bd3 Rd8 43. Be2 Kg8 44. Nd1 Re8 45. Qc2 Kg7 46. Nb2 Qb4 47. Ra4 Qd6 48. Nd3 Nd7 49. h4 Nf6 50. g3 Rc8 51. Ne5 Nd7 52. Nc6 Nb8 53. Ra8 Qf8 54. Rxb8 Rxb8 55. Nxb8 Qxb8 56. Qc6 1-0

[Event "71st RUS-ch Higher League 2018"]
[Site "Yaroslavl"]
[Date "2018.07.03"]
[Round "7"]
[White "Rakhmanov, Aleksandr"]
[Black "Najer, Evgeniy"]
[Result "1/2-1/2"]
[ECO "E51"]
[WhiteElo "2627"]
[BlackElo "2668"]
[Annotator "ChessBase"]
[PlyCount "113"]
[EventDate "2018.06.26"]
[EventType "swiss"]
[EventCountry "RUS"]
[SourceTitle "playchess.com"]
[Source "ChessBase"]
[SourceQuality "1"]
[TimeControl "40/5400+30:1800+30"]

1. d4 Nf6 2. c4 e6 3. Nc3 Bb4 4. e3 O-O 5. Nf3 d5 6. Bd2 a6 7. Qc2 Re8 8. Bd3 dxc4 9. Bxc4 b5 10. Bd3 Bb7 11. a3 Bf8 12. Ng5 g6 13. h4 b4 14. Ne2 Nc6 15. h5 h6 16. Ne4 Nxh5 17. Nc5 Bxc5 18. Qxc5 bxa3 19. bxa3 Rb8 20. Rc1 Qg5 21. Qxg5 hxg5 22. f3 Red8 23. Kf2 e5 24. Be4 Na7 25. Bb1 exd4 26. exd4 g4 27. fxg4 Nf6 28. g5 Nd5 29. Be4 Nb5 30. a4 Nd6 31. Bf3 Ba8 32. Rc5 Nb4 33. Nf4 Bxf3 34. gxf3 Nf5 35. d5 Na2 36. Rc2 Nb4 37. Rc5 Na2 38. Rc2 Nb4 39. Rxc7 Nxd5 40. Nxd5 Rxd5 41. Bc3 Ng7 42. f4 Nh5 43. Be5 Rd2+ 44. Ke3 Rbd8 45. Rc3 Kf8 46. Rxh5 gxh5 47. Bf6 R2d7 48. Bxd8 Rxd8 49. Rc6 a5 50. Rc5 h4 51. Rxa5 h3 52. Ra6 Rd1 53. Rh6 Ra1 54. Kf3 Rxa4 55. Rxh3 f6 56. gxf6 Ra3+ 57. Ke4 1/2-1/2

[Event "71st RUS-ch Higher League 2018"]
[Site "Yaroslavl"]
[Date "2018.07.03"]
[Round "7"]
[White "Predke, Alexandr"]
[Black "Potkin, Vladimir"]
[Result "1/2-1/2"]
[ECO "C65"]
[WhiteElo "2613"]
[BlackElo "2592"]
[Annotator "ChessBase"]
[PlyCount "99"]
[EventDate "2018.06.26"]
[EventType "swiss"]
[EventCountry "RUS"]
[SourceTitle "playchess.com"]
[Source "ChessBase"]
[SourceQuality "1"]
[TimeControl "40/5400+30:1800+30"]

1. e4 e5 2. Nf3 Nc6 3. Bb5 Nf6 4. d3 Bc5 5. Bxc6 dxc6 6. Nbd2 O-O 7. Nb3 Bd6 8. Bg5 c5 9. Nbd2 h6 10. Bh4 Qe7 11. Nc4 Qe6 12. Nfd2 Re8 13. Ne3 Nd7 14. g4 Nf8 15. Bg3 b5 16. h4 Ng6 17. Qf3 Nf4 18. Nf5 c4 19. d4 Bf8 20. h5 Qb6 21. dxe5 Ne6 22. O-O-O Bb7 23. Bh4 b4 24. Nxc4 Qa6 25. b3 Qxa2 26. Rd7 Qa1+ 27. Kd2 Qc3+ 28. Qxc3 bxc3+ 29. Kxc3 Bxe4 30. Re1 Bf3 31. Re3 Bc6 32. Ne7+ Bxe7 33. Rxe7 Rxe7 34. Bxe7 a5 35. Bh4 a4 36. b4 Nf4 37. Kb2 Nd5 38. Rd3 Nxb4 39. Rd8+ Rxd8 40. Bxd8 Nd5 41. e6 fxe6 42. Ne5 Be8 43. c4 Nb4 44. Bxc7 Nc6 45. Nd3 e5 46. Nxe5 Nxe5 47. Bxe5 Bd7 48. g5 hxg5 49. Ka3 Kh7 50. Kb4 1/2-1/2